% Time on Ice - RENO LIONS
Lines # - Real PCT - Wanted PCT - Time Play
Normal Forward
1 - 37% - 35% - 17:51
2 - 34% - 35% - 16:19
3 - 20% - 20% - 9:27
4 - 9% - 10% - 4:28
Normal Defense
1 - 36% - 35% - 17:29
2 - 34% - 35% - 16:16
3 - 24% - 20% - 11:30
4 - 6% - 10% - 2:50
PP Forward
1 - 61% - 65% - 6:02
2 - 39% - 35% - 3:54
PP Defense
1 - 49% - 60% - 4:50
2 - 51% - 40% - 5:06
PK Forward
1 - 55% - 55% - 1:05
2 - 45% - 45% - 0:54
PK Defense
1 - 55% - 55% - 1:05
2 - 45% - 45% - 0:54
PK3 Forward
1 - 0% - 55%
2 - 0% - 45%
PK3 Defense
1 - 0% - 55%
2 - 0% - 45%
44 Forward
1 - 0% - 55%
2 - 0% - 45%
44 Defense
1 - 0% - 55%
2 - 0% - 45%
Last Minute Offensive  - 0:00
Last Minute Defensive  - 0:00
Total
Forward - 60:00
Defense - 60:00
% Time on Ice - EDMONTON ICE
Lines # - Real PCT - Wanted PCT - Time Play
Normal Forward
1 - 36% - 36% - 17:17
2 - 35% - 33% - 16:39
3 - 22% - 24% - 10:40
4 - 7% - 7% - 3:29
Normal Defense
1 - 37% - 37% - 17:38
2 - 31% - 32% - 14:50
3 - 25% - 23% - 11:49
4 - 8% - 8% - 3:48
PP Forward
1 - 58% - 60% - 1:09
2 - 42% - 40% - 0:50
PP Defense
1 - 58% - 60% - 1:09
2 - 42% - 40% - 0:50
PK Forward
1 - 68% - 60% - 6:44
2 - 32% - 40% - 3:12
PK Defense
1 - 53% - 60% - 5:16
2 - 47% - 40% - 4:40
PK3 Forward
1 - 0% - 55%
2 - 0% - 45%
PK3 Defense
1 - 0% - 55%
2 - 0% - 45%
44 Forward
1 - 0% - 55%
2 - 0% - 45%
44 Defense
1 - 0% - 55%
2 - 0% - 45%
Last Minute Offensive  - 0:00
Last Minute Defensive  - 0:00
Total
Forward - 60:00
Defense - 60:00
Play-by-Play 1st period 0:01 of 1st period - Alex Tuch wins face-off versus Pierre-Luc Dubois in neutral zone. 0:01 of 1st period - Alex Tuch is hit by Pierre-Luc Dubois. 0:18 of 1st period - Off-side. 0:19 of 1st period - Thomas Novak wins face-off versus Nick Bjugstad in neutral zone. 0:22 of 1st period - Nick Bjugstad is hit by Scott Laughton and loses puck. 0:33 of 1st period - Shot by Dylan Strome. 0:33 of 1st period - Shot Blocked by Scott Laughton. 0:35 of 1st period - Shot by Marcus Foligno. 0:35 of 1st period - Shot Misses the Net. 0:43 of 1st period - Shot by Dylan Strome. 0:43 of 1st period - Deflect By Nick Bjugstad. 0:43 of 1st period - Shot Misses the Net. 0:56 of 1st period - Off-side. 0:57 of 1st period - Dawson Mercer wins face-off versus Trent Frederic in neutral zone. 0:57 of 1st period - Anthony Beauvillier is hit by Patrick Brown and loses puck. 0:58 of 1st period - Minor Penalty to Patrick Brown for Slashing. 0:59 of 1st period - Jack Eichel wins face-off versus Elias Pettersson in RENO LIONS zone. 1:00 of 1st period - Shot by Michael Matheson. 1:00 of 1st period - Shot Misses the Net. 1:02 of 1st period - Shot by Alex Tuch. 1:02 of 1st period - Shot Blocked by Mattias Samuelsson. 1:06 of 1st period - Shot by Alex Tuch. 1:06 of 1st period - Shot Blocked by Brady Skjei. 1:08 of 1st period - Shot by Michael Matheson. 1:08 of 1st period - Deflect By Alex Tuch. 1:08 of 1st period - Shot Blocked by Mattias Samuelsson. 1:14 of 1st period - Shot by Jack Eichel. 1:14 of 1st period - Shot Misses the Net. 1:16 of 1st period - Shot by Michael Matheson. 1:16 of 1st period - Shot Misses the Net. 1:28 of 1st period - Shot by Alex Tuch. 1:28 of 1st period - Stopped by Stuart Skinner without a rebound. 1:29 of 1st period - Dawson Mercer wins face-off versus Pierre-Luc Dubois in RENO LIONS zone. 2:00 of 1st period - Shot by Scott Laughton. 2:00 of 1st period - Stopped by Stuart Skinner with a rebound. 2:06 of 1st period - Shot by Scott Laughton. 2:06 of 1st period - Shot Blocked by Ethan Bear. 2:08 of 1st period - Shot by Ryan Graves. 2:08 of 1st period - Shot Misses the Net. 2:10 of 1st period - Shot by Scott Laughton. 2:10 of 1st period - Shot Misses the Net. 3:01 of 1st period - Icing by Oliver Ekman-Larsson. 3:02 of 1st period - Trent Frederic wins face-off versus Thomas Novak in RENO LIONS zone. 3:17 of 1st period - Shot by Scott Laughton. 3:17 of 1st period - Stopped by Stuart Skinner with a rebound. 3:19 of 1st period - Shot by Evgeny Dadonov. 3:19 of 1st period - Shot Blocked by Oliver Ekman-Larsson. 3:24 of 1st period - Icing by Justin Schultz. 3:25 of 1st period - Trent Frederic wins face-off versus Jack Eichel in RENO LIONS zone. 3:27 of 1st period - Icing by Justin Schultz. 3:28 of 1st period - Trent Frederic wins face-off versus Jack Eichel in RENO LIONS zone. 3:37 of 1st period - Shot by Nicholas Ritchie. 3:37 of 1st period - Stopped by Jonathan Quick without a rebound. 3:38 of 1st period - Pierre-Luc Dubois wins face-off versus Dawson Mercer in EDMONTON ICE zone. 3:39 of 1st period - Shot by Elias Pettersson. 3:39 of 1st period - Shot Misses the Net. 3:48 of 1st period - Off-side. 3:49 of 1st period - Pierre-Luc Dubois wins face-off versus Jack Eichel in neutral zone. 4:26 of 1st period - Shot by Alex Tuch. 4:26 of 1st period - Stopped by Stuart Skinner without a rebound. 4:27 of 1st period - Nick Bjugstad wins face-off versus Dawson Mercer in RENO LIONS zone. 5:24 of 1st period - Icing by Dylan Strome. 5:25 of 1st period - Nick Bjugstad wins face-off versus Thomas Novak in RENO LIONS zone. 5:44 of 1st period - Shot by Evgeny Dadonov. 5:44 of 1st period - Shot Blocked by Mattias Samuelsson. 5:46 of 1st period - Shot by Thomas Novak. 5:46 of 1st period - Shot Misses the Net. 5:48 of 1st period - Shot by Zach Whitecloud. 5:48 of 1st period - Stopped by Stuart Skinner without a rebound. 5:49 of 1st period - Pierre-Luc Dubois wins face-off versus Jack Eichel in RENO LIONS zone. 5:56 of 1st period - Shot by Jack Eichel. 5:56 of 1st period - Stopped by Stuart Skinner without a rebound. 5:57 of 1st period - Pierre-Luc Dubois wins face-off versus Jack Eichel in RENO LIONS zone. 6:30 of 1st period - Elias Pettersson is hit by Michael Matheson. 6:40 of 1st period - Shot by Gustav Nyquist. 6:40 of 1st period - Shot Misses the Net. 7:37 of 1st period - Off-side. 7:38 of 1st period - Anthony Mantha wins face-off versus Trent Frederic in neutral zone. 7:47 of 1st period - Shot by Dawson Mercer. 7:47 of 1st period - Shot Misses the Net. 7:49 of 1st period - Shot by Dawson Mercer. 7:49 of 1st period - Shot Blocked by Juuso Valimaki. 7:51 of 1st period - Shot by Dawson Mercer. 7:51 of 1st period - Shot Blocked by Ethan Bear. 7:53 of 1st period - Shot by Jarred Tinordi. 7:53 of 1st period - Shot Misses the Net. 8:07 of 1st period - Shot by Dawson Mercer. 8:07 of 1st period - Shot Misses the Net. 8:09 of 1st period - Shot by Anthony Beauvillier. 8:09 of 1st period - Stopped by Stuart Skinner with a rebound. 8:13 of 1st period - Shot by Dawson Mercer. 8:13 of 1st period - Shot Misses the Net. 8:17 of 1st period - Shot by Anthony Beauvillier. 8:17 of 1st period - Stopped by Stuart Skinner without a rebound. 8:18 of 1st period - Jack Eichel wins face-off versus Nick Bjugstad in RENO LIONS zone. 9:02 of 1st period - Alex Tuch is hit by Marcus Foligno and loses puck. 9:24 of 1st period - Icing by Thomas Novak. 9:25 of 1st period - Alex Steeves wins face-off versus Thomas Novak in EDMONTON ICE zone. 9:42 of 1st period - Shot by Thomas Novak. 9:42 of 1st period - Goal by Thomas Novak - RENO LIONS : 0 - EDMONTON ICE : 1. 9:43 of 1st period - Anton Lundell wins face-off versus Trent Frederic in neutral zone. 10:07 of 1st period - Minor Penalty to Tanner Jeannot for Tripping. 10:08 of 1st period - Pierre-Luc Dubois wins face-off versus Anton Lundell in EDMONTON ICE zone. 11:20 of 1st period - Off-side. 11:21 of 1st period - Pierre-Luc Dubois wins face-off versus Anton Lundell in neutral zone. 11:32 of 1st period - Icing by Pierre-Luc Dubois. 11:33 of 1st period - Anton Lundell wins face-off versus Elias Pettersson in RENO LIONS zone. 12:04 of 1st period - Icing by Brady Skjei. 12:05 of 1st period - Pierre-Luc Dubois wins face-off versus Anton Lundell in RENO LIONS zone. 12:09 of 1st period - Off-side. 12:10 of 1st period - Nick Bjugstad wins face-off versus Jack Eichel in neutral zone. 12:21 of 1st period - Dylan Strome is hit by Connor Carrick and loses puck. 12:48 of 1st period - Shot by Alex Tuch. 12:48 of 1st period - Stopped by Stuart Skinner without a rebound. 12:49 of 1st period - Pierre-Luc Dubois wins face-off versus Thomas Novak in RENO LIONS zone. 12:49 of 1st period - Elias Pettersson is hit by Scott Laughton and loses puck. 13:06 of 1st period - Shot by Kirill Kaprizov. 13:06 of 1st period - Shot Blocked by Shea Theodore. 13:47 of 1st period - Icing by Jarred Tinordi. 13:48 of 1st period - Nick Bjugstad wins face-off versus Dawson Mercer in EDMONTON ICE zone. 13:58 of 1st period - Icing by Zach Whitecloud. 13:59 of 1st period - Alex Steeves wins face-off versus Dawson Mercer in EDMONTON ICE zone. 14:18 of 1st period - Dawson Mercer is hit by Marian Studenic and loses puck. 15:08 of 1st period - Shot by Nick Bjugstad. 15:08 of 1st period - Stopped by Jonathan Quick without a rebound. 15:09 of 1st period - Thomas Novak wins face-off versus Kirill Kaprizov in EDMONTON ICE zone. 15:25 of 1st period - Shot by Evgeny Dadonov. 15:25 of 1st period - Shot Misses the Net. 15:27 of 1st period - Shot by Scott Laughton. 15:27 of 1st period - Shot Blocked by Brady Skjei. 16:04 of 1st period - Icing by Evgeny Dadonov. 16:05 of 1st period - Nick Bjugstad wins face-off versus Thomas Novak in EDMONTON ICE zone. 17:08 of 1st period - Shot by Gustav Nyquist. 17:08 of 1st period - Shot Misses the Net. 17:47 of 1st period - Shot by Anthony Beauvillier. 17:47 of 1st period - Stopped by Stuart Skinner with a rebound. 17:51 of 1st period - Shot by Dawson Mercer. 17:51 of 1st period - Goal by Dawson Mercer - RENO LIONS : 0 - EDMONTON ICE : 2. 17:52 of 1st period - Anthony Beauvillier wins face-off versus Pierre-Luc Dubois in neutral zone. 18:23 of 1st period - Shot by Kirill Kaprizov. 18:23 of 1st period - Stopped by Jonathan Quick without a rebound. 18:24 of 1st period - Nick Bjugstad wins face-off versus Jack Eichel in EDMONTON ICE zone. 18:24 of 1st period - Nick Bjugstad is hit by Michael Matheson. 18:48 of 1st period - Shot by Nick Bjugstad. 18:48 of 1st period - Stopped by Jonathan Quick with a rebound. 18:56 of 1st period - Shot by Marcus Foligno. 18:56 of 1st period - Shot Misses the Net. 18:58 of 1st period - Shot by Dylan Strome. 18:58 of 1st period - Shot Blocked by Michael Matheson. 19:00 of 1st period - Shot by Nick Bjugstad. 19:00 of 1st period - Shot Blocked by Shea Theodore. 19:02 of 1st period - Shot by Dylan Strome. 19:02 of 1st period - Stopped by Jonathan Quick with a rebound. 19:04 of 1st period - Shot by Oliver Ekman-Larsson. 19:04 of 1st period - Shot Blocked by Michael Matheson. 19:06 of 1st period - Shot by Marcus Foligno. 19:06 of 1st period - Goal by Marcus Foligno - RENO LIONS : 1 - EDMONTON ICE : 2. 19:07 of 1st period - Thomas Novak wins face-off versus Pierre-Luc Dubois in neutral zone. 19:30 of 1st period - Shot by Elias Pettersson. 19:30 of 1st period - Shot Misses the Net. Goals for this period are 1 for RENO LIONS vs 2 for EDMONTON ICE. Shots for this period are 6 for RENO LIONS vs 12 for EDMONTON ICE. 2nd period 0:01 of 2nd period - Nick Bjugstad wins face-off versus Jack Eichel in neutral zone. 0:17 of 2nd period - Jack Eichel is hit by Brady Skjei and loses puck. 0:28 of 2nd period - Icing by Brady Skjei. 0:29 of 2nd period - Dawson Mercer wins face-off versus Nick Bjugstad in RENO LIONS zone. 0:46 of 2nd period - Shot by Dylan Strome. 0:46 of 2nd period - Shot Misses the Net. 0:50 of 2nd period - Shot by Dylan Strome. 0:50 of 2nd period - Stopped by Jonathan Quick without a rebound. 0:51 of 2nd period - Jack Eichel wins face-off versus Trent Frederic in EDMONTON ICE zone. 0:59 of 2nd period - Trent Frederic is hit by Ryan Graves and loses puck. 1:06 of 2nd period - Shot by Oliver Ekman-Larsson. 1:06 of 2nd period - Shot Misses the Net. 1:57 of 2nd period - Icing by Ethan Bear. 1:58 of 2nd period - Pierre-Luc Dubois wins face-off versus Thomas Novak in RENO LIONS zone. 2:17 of 2nd period - Shot by Kirill Kaprizov. 2:17 of 2nd period - Stopped by Jonathan Quick with a rebound. 2:57 of 2nd period - Zach Whitecloud is hit by Brady Skjei and loses puck. 3:16 of 2nd period - Anthony Beauvillier is hit by Brady Skjei and loses puck. 3:22 of 2nd period - Off-side. 3:23 of 2nd period - Alex Tuch wins face-off versus Trent Frederic in neutral zone. 3:35 of 2nd period - Icing by Justin Schultz. 3:36 of 2nd period - Dawson Mercer wins face-off versus Trent Frederic in RENO LIONS zone. 3:45 of 2nd period - Shot by Dawson Mercer. 3:45 of 2nd period - Stopped by Stuart Skinner with a rebound. 4:07 of 2nd period - Shot by Oliver Ekman-Larsson. 4:07 of 2nd period - Stopped by Jonathan Quick without a rebound. 4:08 of 2nd period - Jack Eichel wins face-off versus Pierre-Luc Dubois in EDMONTON ICE zone. 4:47 of 2nd period - Shot by Jack Eichel. 4:47 of 2nd period - Deflect By Alex Tuch. 4:47 of 2nd period - Stopped by Stuart Skinner without a rebound. 4:48 of 2nd period - Nick Bjugstad wins face-off versus Thomas Novak in RENO LIONS zone. 4:48 of 2nd period - Nick Bjugstad is hit by Thomas Novak. 4:56 of 2nd period - Thomas Novak is hit by Marcus Foligno and loses puck. 5:04 of 2nd period - Nick Bjugstad is hit by Shea Theodore and loses puck. 5:13 of 2nd period - Shot by Nick Bjugstad. 5:13 of 2nd period - Stopped by Jonathan Quick with a rebound. 5:15 of 2nd period - Shot by Justin Schultz. 5:15 of 2nd period - Stopped by Jonathan Quick without a rebound. 5:16 of 2nd period - Alex Steeves wins face-off versus Dawson Mercer in EDMONTON ICE zone. 5:27 of 2nd period - Shot by Marian Studenic. 5:27 of 2nd period - Stopped by Jonathan Quick without a rebound. 5:28 of 2nd period - Pierre-Luc Dubois wins face-off versus Jack Eichel in EDMONTON ICE zone. 5:28 of 2nd period - Kirill Kaprizov is hit by Connor Carrick and loses puck. 6:35 of 2nd period - Thomas Novak is hit by Mattias Samuelsson and loses puck. 7:04 of 2nd period - Shot by Michael Matheson. 7:04 of 2nd period - Shot Blocked by Mattias Samuelsson. 7:26 of 2nd period - Shot by Marcus Foligno. 7:26 of 2nd period - Stopped by Jonathan Quick without a rebound. 7:27 of 2nd period - Alex Steeves wins face-off versus Anton Lundell in EDMONTON ICE zone. 8:27 of 2nd period - Shot by Jack Eichel. 8:27 of 2nd period - Shot Misses the Net. 8:47 of 2nd period - Shot by Marcus Foligno.